Map: Submarine LE

Players

FLORENCIO - Winner!

  • Race: Zerg Zerg
  • Spawn Location: 11:00

faithguy

  • Race: Protoss Protoss
  • League: Platinum
  • Spawn Location: 5:00

VOD

Have the link to the VOD?

Description

Time

  • Played on: Jan. 12, 2021, 11:58 p.m.
  • Length: 15:15
Show
View Real Time Build Order
Export as new Build Order

FLORENCIO Zerg - Winner!

Build Orders: Hatch First, Lurkers 

Get SALT Encoding   

  12  0:01  Drone  
  13  0:09  Drone  
  14  0:16  Overlord  
  16  0:35  Drone x2  
  16  0:36  Drone  
  17  0:54  Hatchery  
  17  0:56  Drone  
  17  0:59  Drone  
  18  1:05  Extractor  
  17  1:17  Spawning Pool  
  16  1:18  Drone  
  16  1:21  Drone  
  18  1:29  Drone  
  19  1:43  Drone  
  20  1:51  Drone  
  21  2:01  Drone  
  22  2:09  Queen  
  22  2:14  Queen  
  26  2:26  Overlord x2  
  26  2:28  Metabolic Boost  
  26  2:37  Drone x2  
  28  2:44  Drone x2  
  30  2:55  Drone x3  
  33  3:07  Zergling x2  
  33  3:08  Zergling x4  
  36  3:20  Hatchery  
  36  3:21  Zergling x2  
  36  3:24  Lair  
  36  3:27  Extractor  
  35  3:28  Zergling x2  
  35  3:31  Overlord  
  35  3:33  Overlord  
  36  3:50  Zergling x14  
  43  4:03  Spore Crawler  
  43  4:05  Zergling x4, Spore Crawler  
  43  4:09  Zergling x6  
  45  4:13  Zergling x2  
  45  4:16  Zergling x2  
  47  4:23  Zergling x2  
  48  4:32  Zergling x8  
  50  4:41  Zergling x8  
  53  4:51  Drone x2  
  55  4:54  Drone  
  56  5:02  Burrow  
  56  5:03  Pneumatized Carapace  
  56  5:07  Hatchery  
  55  5:21  Baneling Nest  
  55  5:24  Drone x2  
  55  5:25  Drone x2  
  55  5:27  Extractor  
  57  5:29  Extractor  
  56  5:53  Spire  
  55  6:01  Overseer  
  55  6:27  Drone x9  
  55  6:29  Overlord x5  
  55  6:30  Overlord  
  64  6:42  Overlord x5  
  63  6:55  Queen  
  63  6:59  Overseer x6  
  53  7:24  Drone x4  
  53  7:25  Drone x7  
  64  7:39  Drone  
  64  7:40  Drone x5  
  70  7:46  Spine Crawler  
  69  7:52  Spore Crawler  
  68  8:02  Drone  
  68  8:03  Drone x6  
  68  8:05  Extractor  
  74  8:06  Extractor  
  73  8:36  Overseer x7  
  73  8:44  Hydralisk Den  
  73  8:46  Evolution Chamber  
  73  8:47  Roach Warren  
  70  9:19  Mutalisk x13  
  70  9:23  Queen  
  98  9:26  Muscular Augments  
  98  9:28  Tunneling Claws  
  98  9:43  Mutalisk x2  
  98  9:45  Overseer x7  
  102  9:50  Spine Crawler  
  102  9:51  Spine Crawler  
  100  9:54  Spine Crawler  
  97  10:37  Grooved Spines  
  95  10:43  Roach x12  
  95  10:44  Roach x10  
  95  10:46  Glial Reconstitution  
  135  11:51  Roach x10  
  125  12:20  Hydralisk x2  
  125  12:21  Hydralisk x11  
  151  12:29  Lurker Den  
  150  12:30  Overseer x7  
  150  12:38  Ravager x2  
  150  12:39  Overlord  
  150  12:40  Overlord x11  
  152  12:44  Hatchery  
  152  12:49  Overseer x6  
  152  12:50  Overseer  
  139  13:51  Overseer x7  
  139  13:59  Lurker x4  
  139  14:00  Lurker x7  
  139  14:01  Lurker x2  
  116  14:41  Roach  
  116  14:45  Roach x9  
  115  14:46  Mutalisk x11  
  115  14:47  Mutalisk  
Show
View Real Time Build Order
Export as new Build Order

faithguy Protoss 

Build Orders:  

Get SALT Encoding   

  12  0:00  Probe  
  13  0:12  Probe  
  14  0:19  Pylon  
  14  0:24  Probe  
  15  0:37  Gateway  
  15  0:38  Probe (Chrono Boost)  
  16  0:44  Assimilator  
  16  0:48  Probe (Chrono Boost)  
  17  0:53  Probe (Chrono Boost)  
  18  1:02  Assimilator  
  18  1:05  Probe (Chrono Boost)  
  19  1:15  Probe (Chrono Boost)  
  20  1:18  Pylon  
  20  1:20  Probe (Chrono Boost)  
  21  1:31  Cybernetics Core  
  22  1:32  Probe  
  22  1:41  Gateway  
  22  1:44  Probe  
  23  2:00  Pylon  
  23  2:05  Probe  
  24  2:10  Robotics Facility  
  24  2:12  Warp Gate (Chrono Boost)  
  24  2:17  Probe, Stalker  
  27  2:29  Probe  
  28  2:31  Pylon  
  28  2:32  Stalker  
  30  2:41  Probe  
  31  2:46  Twilight Council  
  31  2:54  Stalker  
  31  2:58  Observer  
  34  3:06  Probe  
  35  3:24  Nexus  
  35  3:28  Observer  
  36  3:35  Pylon  
  36  3:42  Charge (Chrono Boost)  
  36  3:47  Gateway  
  36  3:50  Gateway  
  36  4:06  Warp Prism  
  38  4:26  Gateway  
  38  4:31  Zealot x2  
  38  4:37  Probe (Chrono Boost)  
  28  4:46  Zealot x2  
  30  4:54  Zealot x2  
  31  5:17  Zealot x4  
  39  5:38  Dark Shrine  
  39  6:46  Pylon  
  39  6:56  Nexus  
  39  7:09  Dark Templar  
  39  7:10  Dark Templar x3  
  31  7:31  Forge  
  31  7:32  Forge  
  31  7:34  Shield Battery  
  31  7:36  Shield Battery  
  31  7:40  Pylon  
  31  7:42  Probe (Chrono Boost)  
  32  7:50  Templar Archives  
  33  7:53  Probe (Chrono Boost)  
  33  7:55  Dark Templar  
  33  7:57  Dark Templar, Probe (Chrono Boost)  
  38  8:09  Archon  
  38  8:27  High Templar  
  38  8:28  High Templar  
  38  8:30  Probe  
  43  8:34  Protoss Ground Weapons Level 1 (Chrono Boost)  
  43  8:42  Photon Cannon, Probe  
  43  8:45  Archon  
  44  8:54  Probe  
  45  8:57  Protoss Ground Armor Level 1 (Chrono Boost)  
  45  9:00  Stalker x2  
  49  9:09  Probe (Chrono Boost)  
  50  9:15  Assimilator  
  50  9:20  Probe (Chrono Boost)  
  52  9:25  Probe (Chrono Boost)  
  52  9:26  Probe (Chrono Boost)  
  53  9:35  Probe (Chrono Boost)  
  55  9:41  Probe (Chrono Boost)  
  55  9:42  High Templar x2  
  55  9:43  Probe (Chrono Boost)  
  60  9:48  Gateway  
  60  9:50  Probe (Chrono Boost)  
  60  9:51  Gateway  
  61  9:53  Gateway  
  61  9:59  Archon  
  58  10:23  Stalker x2  
  58  10:24  Stalker x2  
  50  10:37  Probe (Chrono Boost)  
  50  10:40  Pylon  
  49  10:47  Probe (Chrono Boost)  
  50  10:55  Probe (Chrono Boost), Protoss Ground Weapons Level 2  
  51  11:00  Probe (Chrono Boost)  
  51  11:02  Protoss Ground Armor Level 2  
  52  11:10  Probe  
  53  11:21  Photon Cannon  
  53  11:22  Probe  
  51  11:28  Photon Cannon  
  51  11:34  Probe  
  51  11:39  Blink (Chrono Boost)  
  41  11:58  Probe (Chrono Boost)  
  38  12:08  Probe (Chrono Boost)  
  38  12:09  Assimilator  
  38  12:32  Probe (Chrono Boost)  
  39  12:42  Probe (Chrono Boost)  
  40  12:56  Probe  
  40  13:08  Probe (Chrono Boost)  
  42  13:12  Observer  
  43  13:20  Probe (Chrono Boost)  
  43  13:26  Probe (Chrono Boost)  
  44  13:28  Probe (Chrono Boost)  
  44  13:50  Zealot x2  
  48  14:21  Zealot x4  
Tags
 
Composition
Lurkers
League
Platinum
Matchup
PvZ
Spawn Locations
Cross Positions
Add a new tag
Caveats
  • Supply blocks, unpowered buildings, or Contaminate may cause inaccurate times.
  • Supply counts are checked every 10 seconds.